 Dungeon Crawl Stone Soup version 0.29-a0-96-g93358da72b (webtiles) character file.

Game seed: 15152290729136032157

1318 dracfodder the Cudgeller (level 8, -1/52 HPs)
             Began as a Gargoyle Berserker on Feb 10, 2022.
             Was a Believer of Trog.
             Slain by a kobold (3 damage)
             ... on level 5 of the Dungeon.
             The game lasted 00:13:51 (5025 turns).

dracfodder the Cudgeller (Gargoyle Berserker)       Turns: 5025, Time: 00:13:52

Health: -1/52      AC: 19    Str: 22    XL:     8   Next: 59%
Magic:  8/8        EV: 10    Int:  9    God:    Trog [**....]
Gold:   186        SH:  0    Dex:  9    Spells: 7/7 levels left

rFire   . . .      SeeInvis .   a - +0 mace (elec)
rCold   . . .      Faith    .   (no shield)
rNeg    + . .      Spirit   .   b - +2 scale mail
rPois   ∞          Reflect  .   (no helmet)
rElec   +          Harm     .   (no cloak)
rCorr   .          Rampage  .   (no gloves)
Will    ++...                   (no boots)
Stlth   ..........              (no amulet)
HPRegen 1.17/turn               n - +4 ring of protection
MPRegen 0.11/turn               (no ring)

@: brilliant, strong-willed (expiring), on berserk cooldown, flying,
regenerating (expiring), slowed, very slow
A: sickness immunity, AC +5, negative energy resistance 1, electricity
resistance, torment resistance 1, petrification resistance
a: Renounce Religion, Berserk, Trog's Hand


You were on level 5 of the Dungeon.
You worshipped Trog.
Trog was pleased with you.
You visited 1 branch of the dungeon, and saw 6 of its levels.

You collected 186 gold pieces.

Inventory:

Hand Weapons
 a - a +0 mace of electrocution (weapon)
 h - a +0 scythe of protection
 o - a +0 battleaxe
Missiles
 c - 160 arrows
 e - 206 stones (quivered)
 f - 12 sling bullets
 l - 6 javelins
 q - 38 bolts
Armour
 b - a +2 scale mail (worn)
Jewellery
 n - a +4 ring of protection (left hand)
 r - a ring of see invisible
 s - a ring of fire
Wands
 m - a wand of digging (6)
Scrolls
 d - 3 scrolls of identify
 g - 7 scrolls of teleportation
 p - 2 scrolls of fear {unknown}
 t - a scroll of fog {unknown}
Potions
 i - 2 potions of flight
 j - 2 potions of curing


   Skills:
 * Level 6.9 Fighting
 + Level 7.1 Maces & Flails
 + Level 5.4 Armour
 + Level 2.8 Dodging
 + Level 0.9 Stealth


You had 7 spell levels left.
You didn't know any spells.
Your spell library was empty.

Dungeon Overview and Level Annotations

Branches:
Dungeon (6/15)             Temple (0/1) D:4

Altars:
Elyvilon
Gozag
Hepliaklqana
Nemelex Xobeh
Sif Muna
Wu Jian
Yredelemnul

Shops:
D:1 =


Innate Abilities, Weirdness & Mutations

You are immune to sickness and miasma.
Your stone body is resilient. (AC +5)
You are immune to poison.
You resist negative energy. (rN+)
You are resistant to electric shocks. (rElec)
You are resistant to unholy torment.
You are immune to petrification.


Message History

You sock the kobold brigand!
The kobold brigand is severely wounded.
The kobold brigand hits you with a +0 short sword of draining.
* * * LOW HITPOINT WARNING * * *
You sock the kobold brigand!
You kill the kobold brigand!
Trog accepts your kill.
You closely miss the kobold. You closely miss the kobold.
The kobold hits you but does no damage.
You thump the kobold!
You kill the kobold!
Trog accepts your kill.
You are no longer berserk.
You are exhausted.
You feel yourself slow down.
You closely miss the kobold.
The kobold zaps a wand.
You resist with some effort. The kobold barely misses you.
You barely miss the kobold. The kobold hits you but does no damage.
Your skin crawls.
You feel strong-willed.
The kobold hits you but does no damage. x2
You hit the kobold.
The kobold is severely wounded.
The kobold zaps a wand.
You resist with almost no effort.
You sock the kobold!
You kill the kobold!
Trog accepts your kill. The kobold closely misses you.
You barely miss the kobold.
The kobold is severely wounded.
The kobold hits you but does no damage.
You hit the kobold. Lightning courses through the kobold!
You kill the kobold!
Trog accepts your kill.
You hit the kobold but do no damage.
You feel the effects of Trog's Hand fading.
The kobold hits you but does no damage. Space warps horribly around you!!
* * * LOW HITPOINT WARNING * * *
The kobold hits you but does no damage. Space warps around you.
You die...

..#.....#.#.....#≈.#.#.≈#########
..#....).###.#.###.....###
..#.....##.....#.##'KK##.#
...#.###.###.###...W.KK..#
..###.....##.# #.###K#####
##.#......##.# #KK.W.#
....#.....##.# #K#####
....#......#.# #K#
....#.....##.###@#
.....#.###.#.....#
....###...#..##### .###.#....#.##
#...#.....#.# ....#....#..#
....#...##.## ...#.###.#.#
..###...#..#


You could see 4 kobolds.

Vanquished Creatures
  The ghost of Dittersdorf the Skirmisher, a novice GrFi of Okawaru (D:5)
  Sigmund (D:3)
  A black bear (D:5)
  2 phantoms (D:4)
  Blork the orc (D:4)
  A kobold brigand (D:5)
  A scorpion (D:5)
  2 jellies (D:5)
  A bullfrog zombie (D:3)
  Jessica (D:3)
  Ijyb (D:3)
  An orc wizard (D:3)
  3 gnolls (D:3)
  7 adders
  A white imp (D:4)
  An ufetubus (D:5)
  3 worms
  3 dart slugs
  7 orcs
  4 bats
  5 endoplasms
  6 giant cockroaches
  6 goblins
  7 hobgoblins
  5 jackals
  2 quokkas
  3 ball pythons
  A frilled lizard (D:1)
  10 kobolds
  6 rats
94 creatures vanquished.

Vanquished Creatures (others)
  5 fungi
  4 plants
9 creatures vanquished.

Grand Total: 103 creatures vanquished

Notes
Turn   | Place    | Note
-------+----------+-------------------------------------------
     0 | D:1      | dracfodder the Gargoyle Berserker began the quest for the
                  | Orb.
     0 | D:1      | Reached XP level 1. HP: 14/14 MP: 1/1
   378 | D:1      | Found Gochimos's Jewellery Shop.
   447 | D:1      | Reached XP level 2. HP: 18/20 MP: 2/2
  1164 | D:3      | Reached XP level 3. HP: 21/24 MP: 3/3
  1442 | D:2      | Reached ** piety under Trog
  1604 | D:2      | Reached XP level 4. HP: 29/29 MP: 4/4
  2285 | D:3      | Reached skill level 4 in Maces & Flails
  2295 | D:3      | Noticed Ijyb
  2302 | D:3      | Paralysed by Ijyb for 3 turns
  2307 | D:3      | Paralysed by Ijyb for 2 turns
  2310 | D:3      | Paralysed by Ijyb for 3 turns
  2318 | D:3      | Killed Ijyb
  2319 | D:3      | Reached XP level 5. HP: 34/34 MP: 5/5
  2566 | D:3      | Found a faded altar of an unknown god.
  2567 | D:3      | Noticed Sigmund
  2582 | D:3      | Killed Sigmund
  2583 | D:3      | Reached skill level 5 in Maces & Flails
  2583 | D:3      | Reached XP level 6. HP: 35/40 MP: 6/6
  2946 | D:3      | Noticed Jessica
  2951 | D:3      | Killed Jessica
  2952 | D:3      | Reached skill level 5 in Fighting
  3362 | D:3      | Found a shimmering blue altar of Sif Muna.
  3509 | D:3      | Found a basalt altar of Yredelemnul.
  3592 | D:4      | Noticed Blork the orc
  3600 | D:4      | Killed Blork the orc
  3601 | D:4      | Reached XP level 7. HP: 42/44 MP: 7/7
  4002 | D:4      | Found a staircase to the Ecumenical Temple.
  4126 | D:4      | Found an opulent altar of Gozag.
  4134 | D:4      | Found an ornate altar of the Wu Jian Council.
  4225 | D:4      | Found a hazy altar of Hepliaklqana.
  4243 | D:4      | Found a sparkling altar of Nemelex Xobeh.
  4243 | D:4      | Found a white marble altar of Elyvilon.
  4559 | D:5      | Entered Level 5 of the Dungeon
  4571 | D:5      | Reached skill level 6 in Maces & Flails
  4869 | D:5      | Reached XP level 8. HP: 51/51 MP: 8/8
  4943 | D:5      | Noticed Dittersdorf's ghost (novice GrFi)
  4944 | D:5      | Found a runed translucent gate.
  4944 | D:5      | Found a runed translucent gate.
  4944 | D:5      | Found a runed translucent gate.
  4994 | D:5      | HP: 2/51 [Dittersdorf's ghost (10)]
  5010 | D:5      | Killed Dittersdorf's ghost
  5011 | D:5      | Reached skill level 7 in Maces & Flails
  5011 | D:5      | Reached skill level 5 in Armour
  5025 | D:5      | HP: 2/52 [kobold (22)]
  5025 | D:5      | Slain by a kobold

Illustrated notes

Levels and vault maps discovered:
D:1:      amcnicky_arrival_wind_blow, layout_loops_cross, serial_shops,
          nicolae_shop_crystal, supply_closet_lemuel, minivault_14,
          chequers_serial_rivers_small_3
D:2:      layout_basic, kennysheep_boxes
D:3:      layout_loops_cross, mainiacjoe_overflow_six_doors_small,
          lemuel_tele_altar, shapermc_ecumenical_altar_rom_forum,
          minmay_starry_boxes, uniq_ijyb, uniq_sigmund, uniq_jessica
D:4:      layout_cave_pools, mainiacjoe_overflow_big_doors,
          chequers_temple_overflow_statue_of_worship,
          minmay_temple_entry_gardened_gates, uniq_blork_the_orc
D:5:      nicolae_BIG_FREAKIN_CUBE, layout_basic, gammafunk_ghost_nasty_kobolds
D:6:      layout_basic

Skill      XL: |  1  2  3  4  5  6  7  8 |
---------------+-------------------------+-----
Fighting       | 4 5 6 |  6.9
Dodging        | 2 |  2.8
Maces & Flails | 4 5 6 7 |  7.1
Armour         | 3 4 5 |  5.4
Stealth        | |  0.9

Action                   |  1- 3 |  4- 6 |  7- 9 || total
-------------------------+-------+-------+-------++-------
Melee: Mace              |   127 |   145 |   139 ||   411
       Punch             |       |     2 |     2 ||     4
Invok: Berserk           |     1 |     4 |     1 ||     6
       Trog's Hand       |       |       |     2 ||     2
  Use: Scroll            |     1 |     3 |     2 ||     6
       Potion            |       |       |     4 ||     4
Armor: Animal skin       |    41 |       |       ||    41
       Scale mail        |    42 |    68 |    69 ||   179
Dodge: Dodged            |   118 |    73 |    64 ||   255

Table legend: (Time is in decaauts)
 A = Elapsed time spent in this place.
 B = Non-inter-level travel time spent in this place.
 C = Inter-level travel time spent in this place.
 D = Time resting spent in this place.
 E = Time spent auto-exploring this place.
 F = Levels seen in this place.
 G = Mean time per level.
                   A        B        C        D        E       F      G
               +--------+--------+--------+--------+--------+-----+--------+
         Total |   5175 |   5053 |    122 |    908 |   3157 |   6 |  862.5 |
       Dungeon |   5175 |   5053 |    122 |    908 |   3157 |   6 |  862.5 |
               +--------+--------+--------+--------+--------+-----+--------+

Top non-repeatable levels by time:
     D:3: 1634 daAuts
     D:1: 1162 daAuts
     D:2: 1065 daAuts
     D:4: 843 daAuts
     D:5: 466 daAuts
     D:6: 4 daAuts
